Map: Prion Terraces

Players

ILLBdA - Winner!

  • Race: Protoss Protoss
  • League: Diamond

LifeisGood

  • Race: Zerg Zerg
  • League: Diamond

VOD

Have the link to the VOD?

Description

Time

  • Played on: Dec. 23, 2015, 10:35 a.m.
  • Length: 10:10
Show
View Real Time Build Order
Export as new Build Order

ILLBdA Protoss - Winner!

Build Orders: Cannon Rush 

Get SALT Encoding   

  12  0:01  Probe (Chrono Boost)  
  13  0:12  Probe (Chrono Boost)  
  14  0:19  Pylon  
  14  0:22  Probe (Chrono Boost)  
  15  0:37  Probe (Chrono Boost)  
  15  0:40  Forge  
  16  0:48  Probe (Chrono Boost)  
  17  0:58  Probe (Chrono Boost)  
  19  1:13  Pylon  
  19  1:15  Pylon  
  18  1:18  Pylon  
  18  1:20  Pylon  
  18  1:22  Pylon  
  18  1:32  Photon Cannon  
  18  1:42  Photon Cannon  
  18  1:50  Photon Cannon  
  18  1:55  Photon Cannon  
  18  1:57  Probe (Chrono Boost)  
  18  1:59  Assimilator  
  19  2:01  Assimilator  
  19  2:11  Pylon, Photon Cannon  
  19  2:15  Probe (Chrono Boost)  
  20  2:31  Gateway  
  20  2:35  Probe (Chrono Boost), Assimilator  
  21  2:37  Assimilator  
  21  2:46  Probe (Chrono Boost)  
  22  2:57  Probe (Chrono Boost)  
  22  2:58  Pylon  
  23  3:07  Probe (Chrono Boost)  
  24  3:18  Probe (Chrono Boost)  
  25  3:21  Cybernetics Core, Gateway  
  25  3:24  Gateway  
  25  3:26  Zealot  
  27  3:28  Probe (Chrono Boost)  
  28  3:39  Probe (Chrono Boost)  
  29  3:49  Probe (Chrono Boost)  
  30  4:00  Sentry, Probe (Chrono Boost)  
  33  4:02  Warp Gate  
  33  4:09  Sentry  
  35  4:11  Mothership Core (Chrono Boost)  
  35  4:13  Adept  
  35  4:15  Pylon  
  39  4:32  Photon Cannon  
  39  4:39  Robotics Facility  
  39  4:41  Pylon  
  39  4:56  Pylon  
  39  4:59  Sentry  
  40  5:12  Pylon  
  40  5:27  Immortal (Chrono Boost)  
  44  5:56  Nexus  
  44  5:57  Pylon  
  44  5:59  Pylon  
  44  6:06  Immortal (Chrono Boost)  
  44  6:10  Pylon  
  44  6:11  Sentry x2  
  50  6:13  Adept  
  54  6:22  Pylon  
  54  6:25  Pylon  
  54  6:33  Gateway  
  54  6:35  Sentry  
  54  6:36  Gateway  
  56  6:47  Gateway  
  56  6:50  Warp Prism  
  58  6:58  Sentry  
  60  7:13  Adept x2  
  64  7:35  Zealot x4  
  72  7:40  Observer  
  73  7:53  Probe  
  73  7:54  Probe  
  75  7:59  Pylon  
  75  8:05  Probe  
  76  8:23  Adept  
  76  8:24  Adept x5  
  76  8:50  Stalker  
  76  8:51  Stalker x4  
  76  9:05  Immortal  
  76  9:12  Assimilator  
  76  9:13  Assimilator  
  76  10:04  Nexus  
  76  10:05  Pylon  
Show
View Real Time Build Order
Export as new Build Order

LifeisGood Zerg 

Build Orders: Hatch First 

Get SALT Encoding   

  12  0:01  Drone  
  13  0:13  Overlord  
  13  0:20  Drone  
  14  0:32  Drone x2  
  17  0:35  Drone  
  17  0:54  Hatchery  
  16  0:57  Drone  
  16  1:00  Drone  
  18  1:14  Spawning Pool  
  18  1:16  Extractor  
  16  1:20  Drone  
  17  1:32  Overlord  
  17  2:01  Zergling x6  
  20  2:18  Zergling x4  
  20  2:19  Spine Crawler  
  21  2:30  Queen  
  21  2:31  Queen  
  21  2:32  Drone x2  
  26  2:48  Drone x2  
  26  2:50  Baneling Nest  
  27  2:52  Drone  
  28  3:25  Zergling x4  
  29  3:39  Drone x3  
  30  3:50  Hatchery  
  30  3:51  Drone  
  30  4:02  Zergling x2, Extractor  
  30  4:04  Metabolic Boost  
  30  4:10  Baneling x2  
  30  4:11  Baneling x4  
  30  4:15  Overlord  
  29  4:35  Zergling x6  
  32  4:45  Zergling x2  
  29  4:57  Drone  
  29  4:58  Drone  
  31  5:06  Drone x2  
  33  5:09  Queen  
  35  5:22  Drone x3  
  35  5:23  Drone  
  35  5:27  Spore Crawler  
  35  5:28  Drone x2, Spore Crawler  
  39  5:40  Drone x4  
  43  5:47  Roach Warren, Zergling x4  
  44  5:53  Overlord  
  44  6:14  Drone  
  44  6:15  Drone  
  44  6:18  Drone x4  
  48  6:23  Hatchery  
  49  6:26  Drone x3  
  52  6:36  Overlord x2  
  52  6:43  Extractor  
  51  6:47  Lair  
  51  6:49  Overlord  
  51  7:01  Drone  
  51  7:02  Drone  
  51  7:03  Drone x4  
  57  7:10  Evolution Chamber  
  57  7:11  Evolution Chamber  
  57  7:12  Hatchery  
  57  7:13  Drone  
  57  7:14  Drone x2  
  56  7:25  Zergling x2  
  56  7:26  Zergling x8  
  59  7:30  Zergling x2  
  59  7:33  Spine Crawler  
  59  7:36  Roach x2  
  63  7:38  Zerg Melee Weapons Level 1  
  63  7:41  Roach x3  
  69  7:44  Roach  
  69  7:50  Roach, Zergling x2  
  69  7:51  Zergling x4  
  74  8:00  Hydralisk Den  
  73  8:13  Overlord x3  
  73  8:18  Queen  
  64  8:36  Hydralisk, Roach x5  
  64  8:40  Zergling x4  
Tags
 
Add a new tag
Caveats
  • Supply blocks, unpowered buildings, or Contaminate may cause inaccurate times.
  • Supply counts are checked every 10 seconds.